Senateurs vs Wild

Created - 5 janvier 2021 at 15:13

Goals
1 2 3 T
Senateurs 0 0 3 3
Wild 0 1 0 1
Shots
1 2 3 T
Senateurs 10 11 8 29
Wild 6 12 5 23

1st period

No Goal

Penalties :
Christian Folin (OTT) for High sticking (Minor) at 4:09, Ryan Graves (OTT) for High sticking (Minor) at 19:34

2nd period

1. Wild , Brad Marchand 9 (Nikita Kucherov 10, Jack Eichel 7) at 13:54

Penalties :
No Penalty

3rd period

2. Senateurs , Erik Haula 8 (Jake Virtanen 6, Tanner Pearson 9) at 8:16
3. Senateurs , Jake Virtanen 4 (Dougie Hamilton 8, Nikita Zaitsev 4) at 15:17
4. Senateurs , Lucas Wallmark 2 (Jake Virtanen 7, Erik Haula 2) at 15:29

Penalties :
Dougie Hamilton (OTT) for Hooking (Minor) at 8:29

Goalie Stats

Mike Smith (OTT), 22 saves from 23 shots - (0,957), W, 4-10-1, 60:00 minutes
Anton Khudobin (MIW), 26 saves from 29 shots - (0,897), L, 7-6-3, 60:00 minutes

Players Stats for Senateurs

Player Name              G  A  P  +/- PIM S  H  SB GA TA FO     MP     PP MP  PK MP  
------------------------------------------------------------------------------------
Antti Suomela            0  0  0   0  0   1  2  0  0  0  2/6     9:13   0:00   0:00 
Christian Folin          0  0  0   0  2   1  3  2  0  0  0/0    16:19   0:00   1:28 
Dougie Hamilton          0  1  1   2  2   3  2  0  1  0  0/0    22:08   0:00   1:43 
Dustin Brown             0  0  0   0  0   3  2  0  0  0  0/2    14:42   0:00   0:19 
Erik Gustafsson          0  0  0   0  0   1  1  1  0  0  0/0    19:42   0:00   0:00 
Erik Haula               1  1  2   3  0   2  2  0  0  0  4/5    15:51   0:00   3:18 
Jake Virtanen            1  2  3   3  0   1  1  0  0  0  0/0    13:25   0:00   0:57 
Jakub Voracek            0  0  0  -1  0   4  0  1  1  0  1/3    17:52   0:00   0:00 
Jared McCann             0  0  0   0  0   1  1  0  0  0  6/11   15:55   0:00   1:32 
Jason Zucker             0  0  0  -1  0   0  0  1  0  1  0/0    17:49   0:00   0:00 
Loui Eriksson            0  0  0   0  0   2  2  1  0  0  1/1    12:25   0:00   3:07 
Lucas Wallmark           1  0  1   3  0   2  2  1  0  0  7/10   14:03   0:00   1:42 
Nikita Zaitsev           0  1  1   2  0   1  2  1  1  0  0/0    23:14   0:00   3:34 
Ryan Graves              0  0  0   0  2   0  2  3  0  0  0/0    20:27   0:00   1:27 
Ryan Hartman             0  0  0   0  0   2  0  0  1  1  0/0    11:11   0:00   1:42 
Steven Stamkos           0  0  0  -1  0   1  1  0  0  1  9/18   17:49   0:00   0:00 
Tanner Pearson           0  1  1   0  0   2  4  0  0  0  1/1    14:23   0:00   0:00 
Trevor van Riemsdyk      0  0  0   0  0   2  1  1  0  2  0/0    17:32   0:00   2:59 

Players Stats for Wild

Player Name              G  A  P  +/- PIM S  H  SB GA TA FO     MP     PP MP  PK MP  
------------------------------------------------------------------------------------
Adrian Kempe             0  0  0  -1  0   0  0  0  1  0  0/0    11:48   0:00   0:00 
Alexander Edler          0  0  0   0  0   0  4  3  0  2  0/0    21:14   2:17   0:00 
Brad Marchand            1  0  1   0  0   3  3  0  0  0  0/3    21:51   3:03   0:00 
Brandon Carlo            0  0  0   0  0   0  0  1  0  0  0/0    16:12   0:00   0:00 
Brayden McNabb           0  0  0  -2  0   0  0  0  0  0  0/0    19:04   0:00   0:00 
Chris Tierney            0  0  0  -2  0   1  1  0  1  0  3/7    12:18   0:00   0:00 
Devon Toews              0  0  0   0  0   2  3  3  1  0  0/0    19:09   2:17   0:00 
Elias Lindholm           0  0  0   0  0   2  0  0  1  0  0/0    20:31   2:54   0:00 
Frank Vatrano            0  0  0  -1  0   0  0  0  0  0  2/2    15:52   0:00   0:00 
Jack Eichel              0  1  1   0  0   1  4  1  0  0  10/19  21:36   2:54   0:00 
Jesper Fast              0  0  0   0  0   0  0  0  0  0  0/0     1:57   0:00   0:00 
Jordan Greenway          0  0  0  -1  0   2  2  0  1  0  0/0     6:29   0:00   0:00 
Kevin Stenlund           0  0  0  -1  0   0  0  1  0  0  0/1     6:29   0:00   0:00 
Mattias Ekholm           0  0  0  -2  0   1  3  0  0  0  0/0    22:38   3:40   0:00 
Nikita Kucherov          0  1  1   0  0   1  2  1  0  0  1/2    21:35   2:54   0:00 
Patrice Bergeron         0  0  0   0  0   4  1  1  0  0  10/21  19:47   3:03   0:00 
Ryan Suter               0  0  0   0  0   2  0  1  0  2  0/0    21:43   3:40   0:00 
T.J. Oshie               0  0  0   0  0   4  1  1  0  0  0/2    19:47   3:03   0:00 

3 Stars

1 - Jake Virtanen (OTT)
2 - Erik Haula (OTT)
3 - Lucas Wallmark (OTT)

Power Play

Senateurs - 0 on 0 Attempt(s) - 0,00%
Wild - 0 on 3 Attempt(s) - 0,00%

Penalty Kill

Senateurs - 3 on 3 Attempt(s) - 100,00% - Score 0 goal in Penalty Kill
Wild - 0 on 0 Attempt(s) - 0,00% - Score 0 goal in Penalty Kill

Team Stat

Senateurs - Hits : 28 - Faceoff Wins : 31 - Blocked Shots : 12 - Penalty Minutes : 6
Wild - Hits : 24 - Faceoff Wins : 26 - Blocked Shots : 13 - Penalty Minutes : 0

Official

Referees : Tim Mayer and Troy Paterson
Linesman : Bevan Mills and Brian Mach

Game Notes

No Game Note

Finance

Level 1 -- Attendance: 4481 (74,68%) -- Ticket Income 448 100 $
Level 2 -- Attendance: 4551 (91,02%) -- Ticket Income 273 060 $
Level 3 -- Attendance: 1889 (94,45%) -- Ticket Income 66 115 $
Level 4 -- Attendance: 3804 (95,10%) -- Ticket Income 76 080 $
Luxury Box -- Attendance: 692 (69,20%) -- Ticket Income 138 400 $
Game was played at the Xcel Enery Center.
Total Attendance: 15417 (85,65%)
Total Ticket Income: 1 001 755 $
Other Income: 490 860 $
Total Income: 1 492 615 $

Senateurs

5 vs 5 Forward 
   Center                   Left Wing                Right Wing               Time % Phy DF OF 
 1 Steven Stamkos           Jakub Voracek            Jason Zucker             34     1   2  2  
 2 Jared McCann             Dustin Brown             Tanner Pearson           28     1   2  2  
 3 Lucas Wallmark           Erik Haula               Jake Virtanen            22     1   2  2  
 4 Antti Suomela            Loui Eriksson            Ryan Hartman             16     1   2  2  

5 vs 5 Defense 
   Defense                  Defense                                           Time % Phy DF OF 
 1 Dougie Hamilton          Nikita Zaitsev                                    39     1   2  2  
 2 Erik Gustafsson          Ryan Graves                                       33     1   2  2  
 3 Christian Folin          Trevor van Riemsdyk                               28     1   2  2  
 4 Nikita Zaitsev           Ryan Graves                                       0      1   2  2  

PowerPlay Forward 
   Center                   Left Wing                Right Wing               Time % Phy DF OF 
 1 Steven Stamkos           Jakub Voracek            Jason Zucker             60     1   2  2  
 2 Jared McCann             Tanner Pearson           Dustin Brown             40     1   2  2  

PowerPlay Defense
   Defense                  Defense                                           Time % Phy DF OF 
 1 Dougie Hamilton          Erik Gustafsson                                   60     1   2  2  
 2 Nikita Zaitsev           Ryan Graves                                       40     1   2  2  

Penalty Kill 4 Players Forward 
   Center                   Wing                     Time % Phy DF OF 
 1 Erik Haula               Loui Eriksson            60     1   2  2  
 2 Lucas Wallmark           Ryan Hartman             40     1   2  2  

Penalty Kill 4 Players Defense
   Defense                  Defense                  Time % Phy DF OF 
 1 Nikita Zaitsev           Ryan Graves              60     1   2  2  
 2 Christian Folin          Trevor van Riemsdyk      40     1   2  2  

Penalty Kill - 3 Players Forward 
   Forward                                           Time % Phy DF OF 
 1 Erik Haula                                        60     1   2  2  
 2 Loui Eriksson                                     40     1   2  2  

Penalty Kill - 3 Players Defense
   Defense                  Defense                  Time % Phy DF OF 
 1 Nikita Zaitsev           Ryan Graves              60     1   2  2  
 2 Christian Folin          Trevor van Riemsdyk      40     1   2  2  

4 vs 4 Forward 
   Center                   Wing                     Time % Phy DF OF 
 1 Steven Stamkos           Jakub Voracek            60     1   2  2  
 2 Dustin Brown             Jason Zucker             40     1   2  2  

4 vs 4 Defense
   Defense                  Defense                  Time % Phy DF OF 
 1 Dougie Hamilton          Nikita Zaitsev           60     1   2  2  
 2 Trevor van Riemsdyk      Ryan Graves              40     1   2  2  

Last Minutes Offensive
   Center                   Left Wing                Right Wing               Defense                  Defense                  
   Steven Stamkos           Jakub Voracek            Dustin Brown             Nikita Zaitsev           Dougie Hamilton          

Last Minutes Defensive
   Center                   Left Wing                Right Wing               Defense                  Defense                  
   Steven Stamkos           Jakub Voracek            Dustin Brown             Nikita Zaitsev           Dougie Hamilton          

Goaltenders
Starting : Mike Smith               
Backup : Collin Delia             

Extra Forwards
Normal : Lucas Wallmark, Jared McCann, Jake Virtanen - PP : Lucas Wallmark, Jared McCann - PK : Jake Virtanen
Extra Defensemen
Normal : Dougie Hamilton, Trevor van Riemsdyk, Christian Folin - PP : Dougie Hamilton - PK : Trevor van Riemsdyk, Christian Folin
Penalty Shots
Steven Stamkos, Jakub Voracek, Dustin Brown, Jason Zucker, Tanner Pearson
Custom OT Lines Forwards
Steven Stamkos, Jakub Voracek, Dustin Brown, Jason Zucker, Tanner Pearson, Loui Eriksson, Jared McCann, Jake Virtanen, Lucas Wallmark, Erik Haula
Custom OT Lines Defensemen
Dougie Hamilton, Nikita Zaitsev, Ryan Graves, Christian Folin, Trevor van Riemsdyk

Scratches
Frans Nielsen (Fractured Bone in Right Hand Injury), Devin Shore (Healthy), Nick Holden (Right Eye Injury)

Wild

5 vs 5 Forward 
   Center                   Left Wing                Right Wing               Time % Phy DF OF 
 1 Jack Eichel              Brad Marchand            Nikita Kucherov          35     1   2  2  
 2 Patrice Bergeron         T.J. Oshie               Elias Lindholm           35     1   2  2  
 3 Chris Tierney            Adrian Kempe             Frank Vatrano            20     1   2  2  
 4 Kevin Stenlund           Jordan Greenway          Frank Vatrano            10     1   2  2  

5 vs 5 Defense 
   Defense                  Defense                                           Time % Phy DF OF 
 1 Alexander Edler          Ryan Suter                                        35     1   2  2  
 2 Mattias Ekholm           Brayden McNabb                                    35     1   2  2  
 3 Brandon Carlo            Devon Toews                                       30     1   2  2  
 4 Alexander Edler          Ryan Suter                                        0      1   2  2  

PowerPlay Forward 
   Center                   Left Wing                Right Wing               Time % Phy DF OF 
 1 Jack Eichel              Nikita Kucherov          Elias Lindholm           50     1   2  2  
 2 Patrice Bergeron         Brad Marchand            T.J. Oshie               50     1   2  2  

PowerPlay Defense
   Defense                  Defense                                           Time % Phy DF OF 
 1 Mattias Ekholm           Ryan Suter                                        60     1   2  2  
 2 Alexander Edler          Devon Toews                                       40     1   2  2  

Penalty Kill 4 Players Forward 
   Center                   Wing                     Time % Phy DF OF 
 1 Chris Tierney            Jesper Fast              60     1   2  2  
 2 Elias Lindholm           Jordan Greenway          40     1   2  2  

Penalty Kill 4 Players Defense
   Defense                  Defense                  Time % Phy DF OF 
 1 Alexander Edler          Ryan Suter               60     1   3  1  
 2 Mattias Ekholm           Brayden McNabb           40     1   3  1  

Penalty Kill - 3 Players Forward 
   Forward                                           Time % Phy DF OF 
 1 Chris Tierney                                     60     1   4  0  
 2 Jesper Fast                                       40     1   4  0  

Penalty Kill - 3 Players Defense
   Defense                  Defense                  Time % Phy DF OF 
 1 Brayden McNabb           Alexander Edler          60     1   4  0  
 2 Mattias Ekholm           Ryan Suter               40     1   4  0  

4 vs 4 Forward 
   Center                   Wing                     Time % Phy DF OF 
 1 Jack Eichel              Patrice Bergeron         60     1   2  2  
 2 Brad Marchand            Nikita Kucherov          40     1   2  2  

4 vs 4 Defense
   Defense                  Defense                  Time % Phy DF OF 
 1 Alexander Edler          Ryan Suter               60     1   2  2  
 2 Mattias Ekholm           Brayden McNabb           40     1   2  2  

Last Minutes Offensive
   Center                   Left Wing                Right Wing               Defense                  Defense                  
   Jack Eichel              Elias Lindholm           Nikita Kucherov          Mattias Ekholm           Ryan Suter               

Last Minutes Defensive
   Center                   Left Wing                Right Wing               Defense                  Defense                  
   Chris Tierney            Elias Lindholm           Nikita Kucherov          Alexander Edler          Ryan Suter               

Goaltenders
Starting : Anton Khudobin           
Backup : Linus Ullmark            

Extra Forwards
Normal : Elias Lindholm, Chris Tierney, Jesper Fast - PP : Elias Lindholm, Chris Tierney - PK : Jesper Fast
Extra Defensemen
Normal : Brandon Carlo, Devon Toews, Mattias Ekholm - PP : Brandon Carlo - PK : Devon Toews, Mattias Ekholm
Penalty Shots
Elias Lindholm, Patrice Bergeron, Brad Marchand, Nikita Kucherov, Jack Eichel
Custom OT Lines Forwards
Jack Eichel, Patrice Bergeron, Brad Marchand, Nikita Kucherov, Elias Lindholm, T.J. Oshie, Chris Tierney, Adrian Kempe, Jesper Fast, Frank Vatrano
Custom OT Lines Defensemen
Alexander Edler, Ryan Suter, Mattias Ekholm, Brayden McNabb, Brandon Carlo

Scratches
Adam Fox (Healthy), Martin Marincin (Healthy)

% Time on Ice - Senateurs

Lines # - Real PCT - Wanted PCT - Time Play
Normal Forward
1 - 33% - 34% - 17:57
2 - 27% - 28% - 14:39
3 - 23% - 22% - 12:14
4 - 17% - 16% - 9:13
Normal Defense
1 - 37% - 39% - 19:49
2 - 37% - 33% - 19:50
3 - 27% - 28% - 14:24
4 - 0% - 0% - 0:00
PP Forward
1 - 0% - 60%
2 - 0% - 40%
PP Defense
1 - 0% - 60%
2 - 0% - 40%
PK Forward
1 - 71% - 60% - 4:15
2 - 29% - 40% - 1:42
PK Defense
1 - 70% - 60% - 4:09
2 - 30% - 40% - 1:48
PK3 Forward
1 - 0% - 60%
2 - 0% - 40%
PK3 Defense
1 - 0% - 60%
2 - 0% - 40%
44 Forward
1 - 0% - 60%
2 - 0% - 40%
44 Defense
1 - 0% - 60%
2 - 0% - 40%
Last Minute Offensive  - 0:00
Last Minute Defensive  - 0:00
Total
Forward - 60:00
Defense - 60:00

% Time on Ice - Wild

Lines # - Real PCT - Wanted PCT - Time Play
Normal Forward
1 - 35% - 35% - 19:02
2 - 31% - 35% - 16:44
3 - 22% - 20% - 11:48
4 - 12% - 10% - 6:29
Normal Defense
1 - 35% - 35% - 18:46
2 - 35% - 35% - 19:05
3 - 30% - 30% - 16:12
4 - 0% - 0% - 0:00
PP Forward
1 - 49% - 50% - 2:54
2 - 51% - 50% - 3:03
PP Defense
1 - 62% - 60% - 3:40
2 - 38% - 40% - 2:17
PK Forward
1 - 0% - 60%
2 - 0% - 40%
PK Defense
1 - 0% - 60%
2 - 0% - 40%
PK3 Forward
1 - 0% - 60%
2 - 0% - 40%
PK3 Defense
1 - 0% - 60%
2 - 0% - 40%
44 Forward
1 - 0% - 60%
2 - 0% - 40%
44 Defense
1 - 0% - 60%
2 - 0% - 40%
Last Minute Offensive  - 0:00
Last Minute Defensive  - 0:00
Total
Forward - 60:00
Defense - 60:00

Play-by-Play

1st period


0:01 of 1st period - Jack Eichel wins face-off versus Steven Stamkos in neutral zone.
0:55 of 1st period - Snap shot by Frank Vatrano.
0:55 of 1st period - Shot Blocked by Ryan Graves.
0:57 of 1st period - Slapshot by Brayden McNabb.
0:57 of 1st period - Shot Misses the Net.
0:59 of 1st period - Snap shot by Jordan Greenway.
0:59 of 1st period - Stopped by Mike Smith without a rebound.
1:00 of 1st period - Lucas Wallmark wins face-off versus Chris Tierney in Senateurs zone.
1:09 of 1st period - Lucas Wallmark is hit by Devon Toews.
1:25 of 1st period - Loui Eriksson is hit by T.J. Oshie and loses puck.
1:32 of 1st period - Snap shot by Ryan Hartman.
1:32 of 1st period - Stopped by Anton Khudobin without a rebound.
1:33 of 1st period - Jack Eichel wins face-off versus Steven Stamkos in Wild zone.
1:50 of 1st period - Snap shot by Nikita Kucherov.
1:50 of 1st period - Stopped by Mike Smith without a rebound.
1:51 of 1st period - Patrice Bergeron wins face-off versus Antti Suomela in Senateurs zone.
2:00 of 1st period - Snap shot by Patrice Bergeron.
2:00 of 1st period - Shot Blocked by Christian Folin.
2:02 of 1st period - Slapshot by Mattias Ekholm.
2:02 of 1st period - Shot Blocked by Loui Eriksson.
2:04 of 1st period - Wrist shot by Elias Lindholm.
2:04 of 1st period - Deflect By T.J. Oshie.
2:04 of 1st period - Shot Misses the Net.
2:04 of 1st period - Puck is out of play.
2:05 of 1st period - Chris Tierney wins face-off versus Lucas Wallmark in Senateurs zone.
2:06 of 1st period - Wrist shot by Adrian Kempe.
2:06 of 1st period - Shot Blocked by Lucas Wallmark.
2:14 of 1st period - Wrist shot by Adrian Kempe.
2:14 of 1st period - Shot Blocked by Ryan Graves.
2:30 of 1st period - Jason Zucker is hit by Jack Eichel and loses puck.
2:55 of 1st period - Slapshot by Dustin Brown.
2:55 of 1st period - Stopped by Anton Khudobin with a rebound.
3:03 of 1st period - Snap shot by Dustin Brown.
3:03 of 1st period - Stopped by Anton Khudobin without a rebound.
3:04 of 1st period - Antti Suomela wins face-off versus Kevin Stenlund in Wild zone.
3:05 of 1st period - Wrist shot by Ryan Hartman.
3:05 of 1st period - Stopped by Anton Khudobin with a rebound.
3:07 of 1st period - Snap shot by Dougie Hamilton.
3:07 of 1st period - Shot Misses the Net.
3:09 of 1st period - Snap shot by Ryan Hartman.
3:09 of 1st period - Shot Blocked by Kevin Stenlund.
3:11 of 1st period - Snap shot by Ryan Hartman.
3:11 of 1st period - Shot Misses the Net.
3:13 of 1st period - Snap shot by Loui Eriksson.
3:13 of 1st period - Stopped by Anton Khudobin with a rebound.
3:17 of 1st period - Slapshot by Dougie Hamilton.
3:17 of 1st period - Deflect By Mattias Ekholm.
3:17 of 1st period - Stopped by Anton Khudobin with a rebound.
3:19 of 1st period - Slapshot by Loui Eriksson.
3:19 of 1st period - Stopped by Anton Khudobin with a rebound.
3:31 of 1st period - Dougie Hamilton is hit by Mattias Ekholm.
3:51 of 1st period - Wrist shot by Patrice Bergeron.
3:51 of 1st period - Stopped by Mike Smith with a rebound.
3:57 of 1st period - Brayden McNabb is hit by Christian Folin.
4:09 of 1st period - Minor Penalty to Christian Folin for High sticking.
4:10 of 1st period - Erik Haula wins face-off versus Jack Eichel in Senateurs zone.
4:44 of 1st period - Ryan Graves is hit by Brad Marchand and loses puck.
4:57 of 1st period - Elias Lindholm is hit by Ryan Graves and loses puck.
6:09 of 1st period - Penalty to Christian Folin is over, Christian Folin is back on ice.
6:19 of 1st period - Mattias Ekholm is hit by Steven Stamkos and loses puck.
7:37 of 1st period - Wrist shot by Jared McCann.
7:37 of 1st period - Shot Blocked by T.J. Oshie.
7:51 of 1st period - Brad Marchand is hit by Lucas Wallmark.
9:01 of 1st period - Christian Folin is hit by Jordan Greenway.
9:43 of 1st period - Ryan Graves is hit by Chris Tierney and loses puck.
10:12 of 1st period - Patrice Bergeron is hit by Christian Folin and loses puck.
10:38 of 1st period - Jack Eichel is hit by Erik Haula and loses puck.
10:58 of 1st period - Frank Vatrano is hit by Erik Gustafsson and loses puck.
11:21 of 1st period - Snap shot by Jakub Voracek.
11:21 of 1st period - Shot Misses the Net.
11:55 of 1st period - Mattias Ekholm is hit by Erik Haula and loses puck.
12:37 of 1st period - Icing by Christian Folin.
12:38 of 1st period - Jared McCann wins face-off versus Chris Tierney in Senateurs zone.
12:48 of 1st period - Christian Folin is hit by Alexander Edler and loses puck.
13:07 of 1st period - Nikita Zaitsev is hit by Nikita Kucherov and loses puck.
13:51 of 1st period - Loui Eriksson is hit by Jack Eichel and loses puck.
14:10 of 1st period - Snap shot by Jordan Greenway.
14:10 of 1st period - Stopped by Mike Smith with a rebound.
15:01 of 1st period - Devon Toews is hit by Tanner Pearson and loses puck.
15:16 of 1st period - Slapshot by Jakub Voracek.
15:16 of 1st period - Stopped by Anton Khudobin with a rebound.
15:18 of 1st period - Snap shot by Jakub Voracek.
15:18 of 1st period - Stopped by Anton Khudobin with a rebound.
15:20 of 1st period - Backhand shot by Nikita Zaitsev.
15:20 of 1st period - Shot Blocked by Brandon Carlo.
15:22 of 1st period - Slapshot by Dougie Hamilton.
15:22 of 1st period - Shot Blocked by Devon Toews.
15:24 of 1st period - Backhand shot by Steven Stamkos.
15:24 of 1st period - Shot Misses the Net.
15:26 of 1st period - Wrist shot by Jason Zucker.
15:26 of 1st period - Shot Blocked by Devon Toews.
15:36 of 1st period - Chris Tierney is hit by Dougie Hamilton and loses puck.
15:45 of 1st period - Wrist shot by Adrian Kempe.
15:45 of 1st period - Shot Blocked by Nikita Zaitsev.
15:47 of 1st period - Wrist shot by Frank Vatrano.
15:47 of 1st period - Shot Misses the Net.
15:55 of 1st period - Wrist shot by Chris Tierney.
15:55 of 1st period - Stopped by Mike Smith without a rebound.
15:56 of 1st period - Steven Stamkos wins face-off versus Patrice Bergeron in Senateurs zone.
15:56 of 1st period - Steven Stamkos is hit by Mattias Ekholm.
16:22 of 1st period - Jack Eichel is hit by Tanner Pearson and loses puck.
17:03 of 1st period - Alexander Edler is hit by Christian Folin.
18:47 of 1st period - Wrist shot by Jakub Voracek.
18:47 of 1st period - Shot Blocked by Patrice Bergeron.
18:49 of 1st period - Snap shot by Steven Stamkos.
18:49 of 1st period - Shot Hit the Post.
18:51 of 1st period - Slapshot by Dougie Hamilton.
18:51 of 1st period - Stopped by Anton Khudobin without a rebound.
18:52 of 1st period - Jack Eichel wins face-off versus Jared McCann in Wild zone.
19:15 of 1st period - Backhand shot by Adrian Kempe.
19:15 of 1st period - Shot Misses the Net.
19:17 of 1st period - Slapshot by Devon Toews.
19:17 of 1st period - Deflect By Adrian Kempe.
19:17 of 1st period - Shot Misses the Net.
19:17 of 1st period - Puck is out of play.
19:18 of 1st period - Jakub Voracek wins face-off versus Patrice Bergeron in Senateurs zone.
19:31 of 1st period - Snap shot by Patrice Bergeron.
19:31 of 1st period - Stopped by Mike Smith without a rebound.
19:32 of 1st period - Jared McCann wins face-off versus Jack Eichel in Senateurs zone.
19:34 of 1st period - Minor Penalty to Ryan Graves for High sticking.
19:35 of 1st period - Nikita Kucherov wins face-off versus Erik Haula in Senateurs zone.
Goals for this period are 0 for Senateurs vs 0 for Wild.
Shots for this period are 10 for Senateurs vs 6 for Wild.

2nd period


0:01 of 2nd period - Erik Haula wins face-off versus Patrice Bergeron in neutral zone.
1:34 of 2nd period - Penalty to Ryan Graves is over, Ryan Graves is back on ice.
1:48 of 2nd period - Alexander Edler is hit by Tanner Pearson and loses puck.
2:04 of 2nd period - Adrian Kempe is hit by Jared McCann and loses puck.
2:17 of 2nd period - Wrist shot by Jakub Voracek.
2:17 of 2nd period - Stopped by Anton Khudobin with a rebound.
2:31 of 2nd period - Snap shot by Erik Haula.
2:31 of 2nd period - Stopped by Anton Khudobin without a rebound.
2:32 of 2nd period - Lucas Wallmark wins face-off versus Patrice Bergeron in Wild zone.
3:15 of 2nd period - Frank Vatrano is hit by Nikita Zaitsev and loses puck.
3:31 of 2nd period - Chris Tierney is hit by Dustin Brown and loses puck.
3:38 of 2nd period - Slapshot by Chris Tierney.
3:38 of 2nd period - Shot Misses the Net.
3:40 of 2nd period - Snap shot by Chris Tierney.
3:40 of 2nd period - Deflect By Frank Vatrano.
3:40 of 2nd period - Shot Misses the Net.
3:40 of 2nd period - Puck is out of play.
3:41 of 2nd period - Steven Stamkos wins face-off versus Patrice Bergeron in Senateurs zone.
3:50 of 2nd period - Snap shot by T.J. Oshie.
3:50 of 2nd period - Shot Misses the Net.
3:52 of 2nd period - Snap shot by Patrice Bergeron.
3:52 of 2nd period - Stopped by Mike Smith with a rebound.
3:54 of 2nd period - Wrist shot by Patrice Bergeron.
3:54 of 2nd period - Shot Misses the Net.
3:56 of 2nd period - Slapshot by Devon Toews.
3:56 of 2nd period - Deflect By Patrice Bergeron.
3:56 of 2nd period - Stopped by Mike Smith with a rebound.
3:58 of 2nd period - Slapshot by Devon Toews.
3:58 of 2nd period - Deflect By Jakub Voracek.
3:58 of 2nd period - Stopped by Mike Smith with a rebound.
5:08 of 2nd period - Wrist shot by Jack Eichel.
5:08 of 2nd period - Stopped by Mike Smith without a rebound.
5:09 of 2nd period - Jack Eichel wins face-off versus Steven Stamkos in Senateurs zone.
5:40 of 2nd period - Icing by Ryan Suter.
5:41 of 2nd period - Jack Eichel wins face-off versus Jared McCann in Wild zone.
5:41 of 2nd period - Jack Eichel is hit by Tanner Pearson.
6:35 of 2nd period - Snap shot by Steven Stamkos.
6:35 of 2nd period - Stopped by Anton Khudobin without a rebound.
6:36 of 2nd period - Frank Vatrano wins face-off versus Steven Stamkos in Wild zone.
6:43 of 2nd period - Slapshot by Mattias Ekholm.
6:43 of 2nd period - Stopped by Mike Smith with a rebound.
7:13 of 2nd period - Slapshot by T.J. Oshie.
7:13 of 2nd period - Deflect By Elias Lindholm.
7:13 of 2nd period - Stopped by Mike Smith with a rebound.
7:25 of 2nd period - Slapshot by Dougie Hamilton.
7:25 of 2nd period - Stopped by Anton Khudobin without a rebound.
7:26 of 2nd period - Erik Haula wins face-off versus Brad Marchand in Wild zone.
7:27 of 2nd period - Slapshot by Jake Virtanen.
7:27 of 2nd period - Shot Blocked by Nikita Kucherov.
7:29 of 2nd period - Wrist shot by Trevor van Riemsdyk.
7:29 of 2nd period - Deflect By Nikita Kucherov.
7:29 of 2nd period - Stopped by Anton Khudobin with a rebound.
7:31 of 2nd period - Slapshot by Christian Folin.
7:31 of 2nd period - Stopped by Anton Khudobin without a rebound.
7:32 of 2nd period - Steven Stamkos wins face-off versus Patrice Bergeron in Wild zone.
7:38 of 2nd period - Off-side.
7:39 of 2nd period - Steven Stamkos wins face-off versus Patrice Bergeron in neutral zone.
8:10 of 2nd period - Slapshot by Dougie Hamilton.
8:10 of 2nd period - Deflect By Jared McCann.
8:10 of 2nd period - Stopped by Anton Khudobin with a rebound.
8:12 of 2nd period - Snap shot by Nikita Zaitsev.
8:12 of 2nd period - Shot Blocked by Devon Toews.
9:05 of 2nd period - Wrist shot by Steven Stamkos.
9:05 of 2nd period - Shot Blocked by Jack Eichel.
9:07 of 2nd period - Wrist shot by Trevor van Riemsdyk.
9:07 of 2nd period - Stopped by Anton Khudobin without a rebound.
9:08 of 2nd period - Jack Eichel wins face-off versus Steven Stamkos in Wild zone.
9:15 of 2nd period - Slapshot by Ryan Suter.
9:15 of 2nd period - Stopped by Mike Smith without a rebound.
9:16 of 2nd period - Patrice Bergeron wins face-off versus Jared McCann in Senateurs zone.
9:51 of 2nd period - Off-side.
9:52 of 2nd period - Lucas Wallmark wins face-off versus Jack Eichel in neutral zone.
10:05 of 2nd period - Wrist shot by Jack Eichel.
10:05 of 2nd period - Deflect By Jake Virtanen.
10:05 of 2nd period - Shot Misses the Net.
10:05 of 2nd period - Puck is out of play.
10:06 of 2nd period - Patrice Bergeron wins face-off versus Dustin Brown in Senateurs zone.
10:38 of 2nd period - Off-side.
10:39 of 2nd period - Steven Stamkos wins face-off versus Jack Eichel in neutral zone.
11:06 of 2nd period - Slapshot by Elias Lindholm.
11:06 of 2nd period - Shot Blocked by Ryan Graves.
11:08 of 2nd period - Wrist shot by Patrice Bergeron.
11:08 of 2nd period - Shot Misses the Net.
11:27 of 2nd period - Off-side.
11:28 of 2nd period - Chris Tierney wins face-off versus Lucas Wallmark in neutral zone.
11:28 of 2nd period - Chris Tierney is hit by Nikita Zaitsev.
12:13 of 2nd period - Off-side.
12:14 of 2nd period - Steven Stamkos wins face-off versus Jack Eichel in neutral zone.
12:43 of 2nd period - Snap shot by T.J. Oshie.
12:43 of 2nd period - Shot Misses the Net.
12:45 of 2nd period - Wrist shot by T.J. Oshie.
12:45 of 2nd period - Stopped by Mike Smith with a rebound.
12:47 of 2nd period - Wrist shot by T.J. Oshie.
12:47 of 2nd period - Stopped by Mike Smith without a rebound.
12:48 of 2nd period - Patrice Bergeron wins face-off versus Jared McCann in Senateurs zone.
12:53 of 2nd period - Slapshot by Patrice Bergeron.
12:53 of 2nd period - Deflect By T.J. Oshie.
12:53 of 2nd period - Shot Blocked by Christian Folin.
12:53 of 2nd period - Puck is out of play.
12:54 of 2nd period - Jared McCann wins face-off versus T.J. Oshie in Senateurs zone.
13:00 of 2nd period - Off-side.
13:01 of 2nd period - Jared McCann wins face-off versus Patrice Bergeron in neutral zone.
13:38 of 2nd period - Snap shot by Patrice Bergeron.
13:38 of 2nd period - Deflect By T.J. Oshie.
13:38 of 2nd period - Stopped by Mike Smith without a rebound.
13:39 of 2nd period - Steven Stamkos wins face-off versus Jack Eichel in Senateurs zone.
13:54 of 2nd period - Wrist shot by Brad Marchand.
13:54 of 2nd period - Goal by Brad Marchand - Senateurs : 0 - Wild : 1.
13:55 of 2nd period - Jack Eichel wins face-off versus Steven Stamkos in neutral zone.
14:40 of 2nd period - Icing by Brayden McNabb.
14:41 of 2nd period - Patrice Bergeron wins face-off versus Lucas Wallmark in Wild zone.
14:41 of 2nd period - Patrice Bergeron is hit by Jake Virtanen.
14:47 of 2nd period - Trevor van Riemsdyk is hit by Brad Marchand and loses puck.
15:55 of 2nd period - Dougie Hamilton is hit by Alexander Edler and loses puck.
16:06 of 2nd period - Snap shot by Dustin Brown.
16:06 of 2nd period - Shot Misses the Net.
16:08 of 2nd period - Slapshot by Dougie Hamilton.
16:08 of 2nd period - Shot Blocked by Alexander Edler.
16:59 of 2nd period - Icing by Erik Gustafsson.
17:00 of 2nd period - Antti Suomela wins face-off versus Patrice Bergeron in Senateurs zone.
17:00 of 2nd period - Antti Suomela is hit by Devon Toews.
17:16 of 2nd period - Snap shot by Jakub Voracek.
17:16 of 2nd period - Stopped by Anton Khudobin without a rebound.
17:17 of 2nd period - Tanner Pearson wins face-off versus Brad Marchand in Wild zone.
17:30 of 2nd period - Snap shot by Dustin Brown.
17:30 of 2nd period - Stopped by Anton Khudobin without a rebound.
17:31 of 2nd period - Jack Eichel wins face-off versus Steven Stamkos in Wild zone.
17:43 of 2nd period - Icing by Dougie Hamilton.
17:44 of 2nd period - Steven Stamkos wins face-off versus Jack Eichel in Senateurs zone.
17:58 of 2nd period - Wrist shot by Nikita Kucherov.
17:58 of 2nd period - Shot Hit the Post.
18:00 of 2nd period - Slapshot by Devon Toews.
18:00 of 2nd period - Stopped by Mike Smith with a rebound.
18:14 of 2nd period - Slapshot by Jared McCann.
18:14 of 2nd period - Shot Misses the Net.
18:16 of 2nd period - Snap shot by Tanner Pearson.
18:16 of 2nd period - Shot Misses the Net.
18:18 of 2nd period - Snap shot by Jared McCann.
18:18 of 2nd period - Deflect By Tanner Pearson.
18:18 of 2nd period - Stopped by Anton Khudobin without a rebound.
18:19 of 2nd period - Lucas Wallmark wins face-off versus Jack Eichel in Wild zone.
18:46 of 2nd period - Tanner Pearson is hit by Alexander Edler and loses puck.
19:31 of 2nd period - Off-side.
19:32 of 2nd period - Frank Vatrano wins face-off versus Antti Suomela in neutral zone.
19:41 of 2nd period - Wrist shot by Frank Vatrano.
19:41 of 2nd period - Deflect By Kevin Stenlund.
19:41 of 2nd period - Shot Misses the Net.
19:41 of 2nd period - Puck is out of play.
19:42 of 2nd period - Jared McCann wins face-off versus Jack Eichel in Senateurs zone.
19:53 of 2nd period - Nikita Kucherov is hit by Dustin Brown and loses puck.
19:58 of 2nd period - Wrist shot by Jared McCann.
19:58 of 2nd period - Shot Misses the Net.
Goals for this period are 0 for Senateurs vs 1 for Wild.
Shots for this period are 11 for Senateurs vs 12 for Wild.

3rd period


0:01 of 3rd period - Steven Stamkos wins face-off versus Patrice Bergeron in neutral zone.
0:26 of 3rd period - Jared McCann is hit by Jack Eichel and loses puck.
1:06 of 3rd period - Off-side.
1:07 of 3rd period - Patrice Bergeron wins face-off versus Jakub Voracek in neutral zone.
1:10 of 3rd period - Jakub Voracek is hit by Alexander Edler and loses puck.
2:21 of 3rd period - Ryan Hartman is hit by Patrice Bergeron and loses puck.
2:32 of 3rd period - Elias Lindholm is hit by Antti Suomela and loses puck.
2:43 of 3rd period - Steven Stamkos is hit by Jordan Greenway and loses puck.
2:51 of 3rd period - Off-side.
2:52 of 3rd period - Lucas Wallmark wins face-off versus Nikita Kucherov in neutral zone.
3:01 of 3rd period - Wrist shot by Jake Virtanen.
3:01 of 3rd period - Shot Misses the Net.
3:41 of 3rd period - Steven Stamkos is hit by Devon Toews and loses puck.
3:58 of 3rd period - Chris Tierney is hit by Lucas Wallmark and loses puck.
4:09 of 3rd period - Snap shot by Adrian Kempe.
4:09 of 3rd period - Shot Blocked by Trevor van Riemsdyk.
4:39 of 3rd period - Slapshot by Elias Lindholm.
4:39 of 3rd period - Stopped by Mike Smith without a rebound.
4:40 of 3rd period - Patrice Bergeron wins face-off versus Jakub Voracek in Senateurs zone.
4:41 of 3rd period - Snap shot by T.J. Oshie.
4:41 of 3rd period - Stopped by Mike Smith with a rebound.
4:43 of 3rd period - Slapshot by Ryan Suter.
4:43 of 3rd period - Stopped by Mike Smith with a rebound.
4:48 of 3rd period - Icing by Jakub Voracek.
4:49 of 3rd period - Patrice Bergeron wins face-off versus Steven Stamkos in Senateurs zone.
5:15 of 3rd period - Slapshot by Erik Gustafsson.
5:15 of 3rd period - Stopped by Anton Khudobin with a rebound.
5:27 of 3rd period - Wrist shot by Jack Eichel.
5:27 of 3rd period - Shot Misses the Net.
5:35 of 3rd period - Jason Zucker is hit by Jack Eichel and loses puck.
5:42 of 3rd period - Wrist shot by Brad Marchand.
5:42 of 3rd period - Stopped by Mike Smith with a rebound.
5:44 of 3rd period - Snap shot by Ryan Suter.
5:44 of 3rd period - Deflect By Brad Marchand.
5:44 of 3rd period - Stopped by Mike Smith with a rebound.
5:46 of 3rd period - Slapshot by Ryan Suter.
5:46 of 3rd period - Shot Blocked by Jakub Voracek.
6:06 of 3rd period - Jakub Voracek is hit by Brad Marchand and loses puck.
6:19 of 3rd period - Slapshot by Jack Eichel.
6:19 of 3rd period - Shot Misses the Net.
6:25 of 3rd period - Wrist shot by Jack Eichel.
6:25 of 3rd period - Shot Blocked by Erik Gustafsson.
6:27 of 3rd period - Snap shot by Nikita Kucherov.
6:27 of 3rd period - Shot Blocked by Jason Zucker.
6:43 of 3rd period - Icing by Ryan Graves.
6:44 of 3rd period - Patrice Bergeron wins face-off versus Steven Stamkos in Senateurs zone.
7:39 of 3rd period - T.J. Oshie is hit by Loui Eriksson and loses puck.
8:16 of 3rd period - Snap shot by Erik Haula.
8:16 of 3rd period - Goal by Erik Haula - Senateurs : 1 - Wild : 1.
8:17 of 3rd period - Jared McCann wins face-off versus Patrice Bergeron in neutral zone.
8:29 of 3rd period - Minor Penalty to Dougie Hamilton for Hooking.
8:30 of 3rd period - Loui Eriksson wins face-off versus T.J. Oshie in Senateurs zone.
9:11 of 3rd period - Snap shot by Elias Lindholm.
9:11 of 3rd period - Shot Misses the Net.
10:29 of 3rd period - Penalty to Dougie Hamilton is over, Dougie Hamilton is back on ice.
11:06 of 3rd period - Slapshot by Erik Gustafsson.
11:06 of 3rd period - Shot Misses the Net.
11:08 of 3rd period - Snap shot by Tanner Pearson.
11:08 of 3rd period - Stopped by Anton Khudobin with a rebound.
11:32 of 3rd period - Brandon Carlo is hit by Antti Suomela and loses puck.
11:39 of 3rd period - Trevor van Riemsdyk is hit by Mattias Ekholm and loses puck.
12:40 of 3rd period - Snap shot by Antti Suomela.
12:40 of 3rd period - Shot Blocked by Ryan Suter.
12:42 of 3rd period - Snap shot by Ryan Hartman.
12:42 of 3rd period - Deflect By Brad Marchand.
12:42 of 3rd period - Shot Misses the Net.
12:42 of 3rd period - Puck is out of play.
12:43 of 3rd period - Jack Eichel wins face-off versus Antti Suomela in Wild zone.
12:56 of 3rd period - Jack Eichel is hit by Dougie Hamilton and loses puck.
13:03 of 3rd period - Brad Marchand is hit by Loui Eriksson and loses puck.
13:20 of 3rd period - Slapshot by Jack Eichel.
13:20 of 3rd period - Deflect By Brad Marchand.
13:20 of 3rd period - Shot Misses the Net.
13:20 of 3rd period - Puck is out of play.
13:21 of 3rd period - Patrice Bergeron wins face-off versus Dustin Brown in Senateurs zone.
14:34 of 3rd period - Slapshot by Antti Suomela.
14:34 of 3rd period - Shot Misses the Net.
14:41 of 3rd period - Icing by Jack Eichel.
14:42 of 3rd period - Jack Eichel wins face-off versus Jared McCann in Wild zone.
15:15 of 3rd period - Snap shot by Jake Virtanen.
15:15 of 3rd period - Shot Hit the Post.
15:17 of 3rd period - Snap shot by Jake Virtanen.
15:17 of 3rd period - Goal by Jake Virtanen - Senateurs : 2 - Wild : 1.
15:18 of 3rd period - Lucas Wallmark wins face-off versus Chris Tierney in neutral zone.
15:27 of 3rd period - Wrist shot by Lucas Wallmark.
15:27 of 3rd period - Stopped by Anton Khudobin with a rebound.
15:29 of 3rd period - Wrist shot by Lucas Wallmark.
15:29 of 3rd period - Goal by Lucas Wallmark - Senateurs : 3 - Wild : 1.
15:30 of 3rd period - Erik Haula wins face-off versus Chris Tierney in neutral zone.
15:41 of 3rd period - Backhand shot by Adrian Kempe.
15:41 of 3rd period - Shot Hit the Post.
15:55 of 3rd period - Loui Eriksson is hit by Nikita Kucherov and loses puck.
16:38 of 3rd period - Wrist shot by Dustin Brown.
16:38 of 3rd period - Shot Blocked by Alexander Edler.
16:40 of 3rd period - Wrist shot by Tanner Pearson.
16:40 of 3rd period - Shot Blocked by Alexander Edler.
16:42 of 3rd period - Wrist shot by Dustin Brown.
16:42 of 3rd period - Shot Misses the Net.
16:44 of 3rd period - Slapshot by Nikita Zaitsev.
16:44 of 3rd period - Stopped by Anton Khudobin without a rebound.
16:45 of 3rd period - Lucas Wallmark wins face-off versus Brad Marchand in Wild zone.
17:15 of 3rd period - Snap shot by Antti Suomela.
17:15 of 3rd period - Stopped by Anton Khudobin without a rebound.
17:16 of 3rd period - Chris Tierney wins face-off versus Antti Suomela in Wild zone.
17:16 of 3rd period - Chris Tierney is hit by Trevor van Riemsdyk.
19:04 of 3rd period - Jack Eichel is hit by Ryan Graves and loses puck.
Goals for this period are 3 for Senateurs vs 0 for Wild.
Shots for this period are 8 for Senateurs vs 5 for Wild.